 Dungeon Crawl Stone Soup version 0.30-a0-1160-g6e42c06551 (webtiles) character file.

Game seed: 5906254071404576173

66 Lavandula the Cudgeller (level 3, -2/28 HPs)
             Began as a Mummy Wanderer on Apr 25, 2023.
             Was an Initiate of Kikubaaqudgha.
             Slain by a gnoll
             ... wielding a +2 flail of protection
              (8 damage)
             ... on level 2 of the Dungeon.
             The game lasted 00:06:22 (2044 turns).

Lavandula the Cudgeller (Mummy Wanderer)            Turns: 2044, Time: 00:06:22

Health: -2/28      AC:  7    Str: 15    XL:     3   Next: 96%
Magic:  7/7        EV: 11    Int: 12    God:    Kikubaaqudgha [......]
Gold:   142        SH:  0    Dex: 18    Spells: 5/7 levels left

rFire   x . .        e - +0 whip
rCold   + . .        (no shield)
rNeg    + + +        h - +0 ring mail
rPois   ∞            (no helmet)
rElec   .            c - +0 cloak
rCorr   .            (no gloves)
SInv    .            b - +0 pair of boots
Will    +....        (no amulet)
Stlth   +            l - +6 ring of dexterity
HPRegen 0.24/turn    f - ring of willpower
MPRegen 0.10/turn

%: faith
@: no status effects
A: cold resistance 1, negative energy resistance 3, torment resistance 2, heat
vulnerability 1, in touch with death 1, no potions, faith
a: Renounce Religion


You were on level 2 of the Dungeon.
You worshipped Kikubaaqudgha.
Kikubaaqudgha was noncommittal.
You visited 2 branches of the dungeon, and saw 5 of its levels.

You collected 142 gold pieces.

Inventory:

Hand Weapons
 a - a +0 mace
 e - a +0 whip (weapon)
Armour
 b - a +0 pair of boots (worn)
 c - a +0 cloak (worn)
 d - a +0 leather armour
 h - a +0 ring mail (worn)
Jewellery
 f - a ring of willpower (right hand)
 l - a +6 ring of dexterity (left hand)
Scrolls
 i - 2 scrolls of fog
 j - 2 scrolls of fear
 k - a scroll of silence {unknown}
 m - a scroll of noise {unknown}
 n - a scroll of teleportation {unknown}
 o - a scroll of poison {unknown}


   Skills:
 + Level 2.5 Fighting
 - Level 2.9 Maces & Flails
 - Level 1.5 Throwing
 - Level 1.5 Dodging
 - Level 2.6 Spellcasting


You had 5 spell levels left.
You knew the following spells:

 Your Spells              Type           Power      Damage    Failure   Level
a - Freeze                Ice            4%         1d3       45%         1
b - Shock                 Conj/Air       4%         1d3       45%         1

Your spell library contained the following spells:

 Spells                   Type           Power      Damage    Failure   Level
 Magic Dart               Conj           4%         1d3       45%         1
 Lesser Beckoning         Tloc           2%         N/A       58%         2
 Searing Ray              Conj           2%         2d4       58%         2
 Swiftness                Air            1%         N/A       83%         3
 Tukima's Dance           Hex            1%         N/A       83%         3
 Vhi's Electric Charge    Tloc/Air       2%         N/A       83%         3
 Airstrike                Air            0%         2d(1-17)  99%         4
 Fulminant Prism          Conj/Hex       0%         3d5       99%         4


Dungeon Overview and Level Annotations

Branches:
Dungeon (4/15)             Temple (1/1) D:4

Altars:
Ashenzari
Dithmenos
Fedhas
Gozag
Hepliaklqana
Kikubaaqudgha
Makhleb
Nemelex Xobeh
Okawaru
Qazlal
Ru
Sif Muna
Trog
Uskayaw
Vehumet
Wu Jian
Xom
Yredelemnul

Shops:
D:3 :


Innate Abilities, Weirdness & Mutations

You are immune to poison.
Your flesh is cold resistant. (rC+)
You are immune to negative energy. (rN+++)
You are immune to unholy pain and torment.
You are vulnerable to heat. (rF-)
You are in touch with the powers of death.
You do not drink.
You have a special connection with the divine. (Faith)


Message History

Okay, then.
Unknown command.
Unknown command.
You closely miss the gnoll. The gnoll closely misses you.
The gnoll hits you from afar with a +0 spear.
Unknown command.
You hit the gnoll.
The gnoll is lightly wounded.
The gnoll hits you with a +2 flail of protection.
The gnoll misses you.
Unknown command.
You closely miss the gnoll.
The gnoll is lightly wounded.
The gnoll barely misses you. The gnoll closely misses you.
Unknown command.
You hit the gnoll.
The gnoll is moderately wounded.
The gnoll hits you with a +2 flail of protection.
The gnoll closely misses you.
Unknown command.
Throw: dart (poison)
Press: ? - help, Q - select action, (/) - cycle Shift-Dir - straight line, f/p - gnoll
Aim: a gnoll, wielding a +2 flail of protection (moderately wounded, 65% to hit)
You throw a poisoned dart.
The poisoned dart closely misses the gnoll.
The poisoned dart closely misses the gnoll.
The gnoll misses you. The gnoll closely misses you.
You aren't carrying any items that you can evoke.
Unknown command.
As you read the scroll labelled WENISO HUCIRHUCA, it crumbles to dust.
It is a scroll of identify.
i - 2 scrolls of fog The gnoll hits you with a +2 flail of protection!
The gnoll hits you from afar with a +0 spear.
* * * LOW HITPOINT WARNING * * *
As you read the scroll of identify, it crumbles to dust.
j - 2 scrolls of fear The gnoll hits you with a +2 flail of protection!
You die...
Kikubaaqudgha rasps: "You have failed me!
Welcome... oblivion!"

#############.....#
..........).......#
######.#####.....# #.# #.....#
##### #(### ###.###
.....##.#.#####.# #.#
#............# #.# ###.##.#######
#.## #.##@# #.. #.##g# #######
#.# #.##g# #.....# ####.# #.##.##
#.###.# .....# #.#...##
#.###.######
#..<.########(.....###.....>.....
#.......................######.##
#gg#########....(..#.....# #.#
#.g###### #..#..........# #.#


You could see 2 gnolls.

Vanquished Creatures
  An adder (D:4)
  A gnoll (D:2)
  2 dart slugs
  An orc (D:4)
  7 ball pythons
  3 bats (D:1)
  An endoplasm (D:2)
  A giant cockroach (D:3)
  5 goblins
  3 hobgoblins
  4 jackals
  4 kobolds
  2 quokkas
  A frilled lizard (D:1)
  2 rats
38 creatures vanquished.

Vanquished Creatures (others)
  A plant (D:1)
1 creature vanquished.

Grand Total: 39 creatures vanquished

Notes
Turn   | Place    | Note
-------+----------+-------------------------------------------
     0 | D:1      | Lavandula the Mummy Wanderer began the quest for the Orb.
     0 | D:1      | Lavandula set off with the following items: a +0 mace, a +0
                  | pair of boots, a scroll of blinking, a +0 leather armour;
                  | and the following spell memorised: Freeze; and the
                  | following spells available to memorise: Lesser Beckoning,
                  | Tukima's Dance, Vhi's Electric Charge.
     0 | D:1      | Reached XP level 1. HP: 15/15 MP: 4/4
   153 | D:1      | Reached XP level 2. HP: 19/21 MP: 5/5
   184 | D:1      | Learned a level 1 spell: Shock
   817 | D:3      | Found a burning altar of Makhleb.
   817 | D:3      | Found a shimmering altar of Xom.
   817 | D:3      | Noticed a crimson imp
   841 | D:4      | Found a staircase to the Ecumenical Temple.
   853 | D:4      | Gained mutation: You are in touch with the powers of death.
                  | [Mummy growth]
   853 | D:4      | Reached XP level 3. HP: 23/26 MP: 7/7
   877 | Temple   | Entered the Ecumenical Temple
  1279 | D:3      | Found an ancient bone altar of Kikubaaqudgha.
  1284 | D:3      | Found a stormy altar of Qazlal.
  1353 | D:3      | Became a worshipper of Kikubaaqudgha
  1495 | D:3      | Found Silatt's Book Emporium.
  2044 | D:2      | Slain by a gnoll

Illustrated notes

Levels and vault maps discovered:
D:1:      denvon_arrival_planthouse, layout_rooms
D:2:      layout_loops_ring
D:3:      layout_loops_corners, grunt_temple_overflow_champion_of_chaos,
          mainiacjoe_overflow_big_doors, serial_shops, shop,
          kennysheep_generic_room_8
D:4:      layout_loops_corners, slow_altar_1, minmay_temple_entry_grid,
          nicolae_half_adder, uniq_natasha
Temple:   nicolae_temple_x_marks_the_god

Skill      XL: |  1  2  3 |
---------------+----------+-----
Maces & Flails | 2 |  2.9
Fighting       | 2 |  2.5
Throwing       | |  1.5
Dodging        | |  1.5
Spellcasting   | |  2.6

Action                     || total
---------------------------++-------
  Melee: Mace              ||    17
         Whip              ||   179
         Punch             ||     2
  Throw: Dart              ||     7
   Cast: Shock             ||     3
    Use: Scroll            ||     3
 Armour: Leather armour    ||    25
         Ring mail         ||    62
  Dodge: Dodged            ||   128

Table legend: (Time is in decaauts)
 A = Elapsed time spent in this place.
 B = Non-inter-level travel time spent in this place.
 C = Inter-level travel time spent in this place.
 D = Time resting spent in this place.
 E = Time spent auto-exploring this place.
 F = Levels seen in this place.
 G = Mean time per level.
                   A        B        C        D        E       F      G
               +--------+--------+--------+--------+--------+-----+--------+
         Total |   2040 |   1978 |     62 |    193 |   1175 |   5 |  408.0 |
       Dungeon |   1955 |   1900 |     55 |    193 |   1102 |   4 |  488.8 |
        Temple |     85 |     78 |      7 |      0 |     73 |   1 |   85.0 |
               +--------+--------+--------+--------+--------+-----+--------+

Top non-repeatable levels by time:
     D:3: 766 daAuts
     D:1: 514 daAuts
     D:2: 388 daAuts
     D:4: 285 daAuts
  Temple: 85 daAuts
